 Dungeon Crawl Stone Soup version 0.18-a0-1372-gd644665 (webtiles) character file.

295 Duffy the Conjurer (level 5, -4/38 HPs)
             Began as a Demigod Fire Elementalist on Feb 22, 2016.
             Slain by a wight
             ... wielding a +2 great sword
              (5 damage)
             ... on level 3 of the Dungeon.
             The game lasted 00:04:44 (3783 turns).

Duffy the Conjurer (Demigod Fire Elementalist)      Turns: 3783, Time: 00:04:44

Health: -4/38      AC:  3    Str: 11    XL:     5   Next: 86%
Magic:  11/11      EV: 11    Int: 21    God:
Gold:   153        SH:  0    Dex: 16    Spells: 3 memorised, 1 level left

rFire  . . .     SeeInvis .     p - +1 dagger (venom)
rCold  . . .     Gourm    .     a - +0 robe
rNeg   . . .     Faith    .     (no shield)
rPois  .         Spirit   .     (no helmet)
rElec  .         Dismiss  .     l - +0 cloak
rCorr  .         Reflect  .     (no gloves)
SustAt +         Harm     .     (no boots)
MR     .....                    (no amulet)
Stlth  ++........               (no ring)
                                (no ring)

@: heavily drained, not resistant to hostile enchantments, unstealthy
A: high mp 1, sustain attributes
a: no special abilities


You were on level 3 of the Dungeon.
You were not hungry.

You visited 1 branch of the dungeon, and saw 3 of its levels.

You collected 153 gold pieces.


Innate Abilities, Weirdness & Mutations

You have an increased reservoir of magic (+10% MP).
Your attributes are resistant to harm.


   Skills:
 - Level 1.7(0.2) Dodging
 - Level 1.7(0.2) Stealth
 - Level 2.5(0.9) Spellcasting
 + Level 4.2(2.5) Conjurations
 + Level 4.0(2.4) Fire Magic


You had one spell level left.
You knew the following spells:

 Your Spells              Type           Power        Failure   Level  Hunger
a - Flame Tongue          Conj/Fire      ##...        8%          1    ##.....
j - Sticky Flame          Conj/Fire      ##......     67%         4    #####..
l - Conjure Flame         Conj/Fire      ##......     21%         3    ####...

Inventory:

Hand Weapons
 m - a +0 quarterstaff
 p - a +1 dagger of venom (weapon)
Missiles
 r - 2 javelins of returning (quivered)
Armour
 a - a +0 robe (worn)
 l - a +0 cloak (worn)
 x - a +3 ring mail
Scrolls
 d - 3 scrolls of remove curse {unknown}
 e - a scroll of magic mapping {unknown}
 i - a scroll of blinking {unknown}
 j - 2 scrolls of identify {unknown}
 k - a scroll of random uselessness {unknown}
 n - 2 scrolls of noise {unknown}
 q - a scroll of enchant armour {unknown}
 t - 2 scrolls of recharging {unknown}
 v - a scroll of fear {unknown}
 w - 2 scrolls of teleportation {unknown}
Potions
 o - a potion of agility {unknown}
 s - a potion of berserk rage {unknown}
 z - 2 potions of curing {unknown}
Books
 b - a book of Flames
Comestibles
 c - 5 bread rations
 f - 3 beef jerkies
 g - a slice of pizza
 h - 2 meat rations

Dungeon Overview and Level Annotations

Branches:
Dungeon (3/15)


Message History

The wight barely misses you.
Things that are here:
a dagger; a robe; an orc corpse
Items here: % ))) [[
Things that are here:
a club; an orc corpse; a hobgoblin corpse A giant newt comes into view.
The giant newt hisses menacingly.
All of the chunks of flesh in your inventory have rotted away.
You see here a club.
A goblin comes into view. It is wielding a club.
The goblin shouts!
You hit the goblin but do no damage.
The goblin is poisoned.
The goblin closely misses you.
The wight hits you with an enchanted great sword.
You hit the goblin.
The goblin looks even sicker.
The goblin is moderately wounded.
The goblin misses you.
The wight hits you with an enchanted great sword.
You feel drained.
You closely miss the goblin.
The goblin is moderately wounded.
The goblin barely misses you.
You hit the goblin.
You kill the goblin!
The wight closely misses you.
Things that are here:
a club; a goblin corpse You hit the wight but do no damage.
The wight hits you with an enchanted great sword!
You feel drained.
You hit the wight but do no damage. The wight barely misses you.
You hit the wight but do no damage.
The wight hits you with an enchanted great sword.
You die...

.............# #..........#######
.............###.......g..+......
.................................
#########.#############.#########
........#.#.....z..z..#)#........
##.####.#.#.####l####.#z#.####.##
.#.# #.#....#z#....#.#....#.#.
.#.#.####.####.#z#z####.####.#.#.
.#.#...........#@#...z.......#.#.
##.#############.#############.##
.................................
####################.############
#...)......... ##############


You could see 3 wights and a giant newt.

Action                   |  1- 3 |  4- 6 || total
-------------------------+-------+-------++-------
Melee: Dagger            |       |    44 ||    44
 Cast: Flame Tongue      |    81 |    67 ||   148
  Eat: Chunk             |     4 |     6 ||    10

Notes
Turn   | Place    | Note
--------------------------------------------------------------
     0 | D:1      | Duffy the Demigod Fire Elementalist began the quest for the Orb.
     0 | D:1      | Reached XP level 1. HP: 14/14 MP: 5/5
    34 | D:1      | Reached skill level 1 in Conjurations
   299 | D:1      | Reached skill level 2 in Conjurations
   299 | D:1      | Reached XP level 2. HP: 20/20 MP: 4/7
   842 | D:1      | Reached XP level 3. HP: 23/26 MP: 0/8
   913 | D:1      | Learned a level 3 spell: Conjure Flame
  1360 | D:2      | Reached skill level 3 in Fire Magic
  1413 | D:2      | Reached skill level 3 in Conjurations
  1714 | D:2      | Found an ancient bone altar of Kikubaaqudgha.
  1918 | D:2      | Reached XP level 4. HP: 27/33 MP: 3/9
  2589 | D:3      | Reached skill level 2 in Spellcasting
  2883 | D:3      | Learned a level 4 spell: Sticky Flame
  3259 | D:3      | Noticed an ogre
  3265 | D:3      | Killed an ogre
  3265 | D:3      | Reached XP level 5. HP: 38/38 MP: 3/11
  3507 | D:3      | Reached skill level 4 in Conjurations
  3520 | D:3      | Reached skill level 4 in Fire Magic
  3783 | D:3      | Slain by a wight

Vault maps used:
D:1:      lightli_iron_boxes, minmay_misc_feat_nine_boxes
D:2:      old_standard_altar
D:3:      first_bread, roderic_lattice_a, minmay_goblin_kobold_house

Vanquished Creatures
  An ogre
  2 orc wizards
  5 adders
  An ooze
  3 worms
  A giant gecko
  5 orcs
  2 ball pythons
  2 giant cockroaches
  15 goblins
  13 hobgoblins
  7 jackals
  9 bats
  2 giant newts
  7 kobolds
  10 rats
85 creatures vanquished.
